 Dungeon Sprint DCSS version 0.27-a0-522-g46bbb28828 (webtiles) character file.

Game seed: 16655786106115622846

57 rocky1 the Digger (level 4, -1/31 HPs)
             Began as an Octopode Earth Elementalist on Mar 5, 2021.
             Was a Believer of Sif Muna.
             Slain by a fire bat (8 damage)
             ... in the Dungeon (Sprint VII: "The Pits").
             The game lasted 00:02:03 (720 turns).

rocky1 the Digger (Octopode Earth Elementalist)      Turns: 720, Time: 00:02:04

Health: -1/31      AC:  1    Str:  7    XL:     4   Next: 0%
Magic:  5/7        EV: 14    Int: 18    God:    Sif Muna [**....]
Gold:   0          SH:  0    Dex: 12    Spells: 6/7 levels left

rFire    . . .     SeeInvis .   (no weapon)
rCold    . . .     Faith    .   (no shield)
rNeg     . . .     Spirit   .   (helmet restricted)
rPois    .         Reflect  .   (no amulet)
rElec    .         Harm     .   (no ring)
rCorr    .         Rampage  .   (no ring)
Will     .....     NoTele   +   (no ring)
Stlth    +++.......             (no ring)
HPRegen  0.10/turn              (no ring)
MPRegen  0.10/turn              (no ring)
                                (no ring)
                                (no ring)

@: no status effects
A: almost no armour, amphibious, 8 rings, constrict 8, camouflage 1, gelatinous
body 1, nimble swimmer 1
a: Renounce Religion, Channel Magic


You were in the Dungeon.
You worshipped Sif Muna.
Sif Muna was pleased with you.
You visited 1 branch

Inventory:

Missiles
 b - 29 stones
Scrolls
 h - a scroll of blinking
 i - 5 scrolls of amnesia
 j - a scroll of summoning
Potions
 a - 2 potions of invisibility
 c - 6 potions of curing
 d - 6 potions of heal wounds
 e - a potion of haste
 f - 3 potions of magic
 g - 3 potions of berserk rage


   Skills:
 + Level 3.3 Fighting
 + Level 4.1 Dodging
 - Level 2.6 Stealth
 + Level 2.0 Spellcasting
 - Level 1.0 Transmutations
 + Level 6.0 Earth Magic
 + Level 0.0 Invocations


You had 6 spell levels left.
You knew the following spells:

 Your Spells              Type           Power        Failure   Level
a - Sandblast             Erth           46%          1%          1

Your spell library contained the following spells:

 Spells                   Type           Power        Failure   Level
 Passwall                 Tmut/Erth      11%          6%          2
 Stone Arrow              Conj/Erth      24%          16%         3
 Petrify                  Tmut/Erth      14%          38%         4
 Lee's Rapid Deconstruct  Erth           11%          38%         5


Dungeon Overview and Level Annotations

Branches:
Dungeon (1/1)

Altars:
Ashenzari
Cheibriados
Dithmenos
Elyvilon
Fedhas
Gozag
Hepliaklqana
Kikubaaqudgha
Makhleb
Nemelex Xobeh
Okawaru
Qazlal
Ru
Sif Muna
Trog
Uskayaw
Vehumet
Wu Jian
Xom
Yredelemnul
Zin
The Shining One
Beogh
Jiyva
Lugonu


Innate Abilities, Weirdness & Mutations

You cannot wear most types of armour.
You are amphibious.
You can wear up to eight rings at the same time.
You can use your tentacles to constrict eight enemies at once.
Your skin changes colour to match your surroundings (Stealth+).
Your rubbery body absorbs attacks. (AC +1, EV +1)
You are stealthy while swimming. (Stealth+)


Message History

You see here a +0 club.
There is an open door here.
There is an open door here.
You open the door.
There is an open door here.
You open the door.
A fire bat and 2 orcs come into view.
An orc is wielding a +0 flail of protection. 2 water moccasins, a bullfrog, an orc priest and an orc wizard come into view.
The orc priest shouts!
The water moccasin hisses angrily.
You hear a shout!
The bullfrog croaks.
You hear an angry hiss.
The bullfrog releases a deep croak.
An adder comes into view.
The orc wizard moves out of view.
The orc priest moves out of view.
The water moccasin moves out of view.
The water moccasin hisses angrily.
An orc comes into view. It is wielding a +0 hand axe.
There is an open door here.
The fire bat bites you.
You are engulfed in flames!
The orc moves out of view.
Casting: Sandblast (safe; 1% risk of failure)
Confirm with . or Enter, or press ? or * to list all spells.
Aiming: Sandblast (safe; 1% risk of failure)
Press: ? - help, Shift-Dir - straight line, f - fire bat
Aim: a fire bat (29% to evade)
The blast of sand hits the fire bat.
The fire bat is moderately wounded.
The fire bat bites you.
You are engulfed in flames.
Unknown command.
Casting: Sandblast (safe; 1% risk of failure)
Confirm with . or Enter, or press ? or * to list all spells.
Aiming: Sandblast (safe; 1% risk of failure)
Press: ? - help, Shift-Dir - straight line, f/p - fire bat
Aim: a fire bat (moderately wounded, 29% to evade)
The blast of sand hits the fire bat!!
The fire bat is almost dead.
The orc wizard shouts!
The fire bat bites you.
* * * LOW HITPOINT WARNING * * *
You are engulfed in flames!
You die...

#'#####'#####.....
#.#.....#..##.....
#.#.....#))#####'#
#.###'###))##.....
#.#÷..).#))##.....
#.#..÷..#[[##.....
#.####)##'###...<.
#.#........##.....
#@#........##.....
#b###########.....
#S...F..# ######
#o..#.o.# #..o# .#
#S##o #o. #. #..
.. #.. ..


You could see a water moccasin, a fire bat, an orc priest, an orc wizard, an
adder and 2 orcs.

Vanquished Creatures
  A hound (D)
  A gnoll (D)
  An adder (D)
  2 ball pythons (D)
  A bat (D)
  A frilled lizard (D)
  A goblin (D)
  A rat (D)
9 creatures vanquished.

Notes
Turn   | Place    | Note
-------+----------+-------------------------------------------
     0 | D        | rocky1 the Octopode Earth Elementalist began the quest for
                  | the Orb.
     0 | D        | Reached XP level 1. HP: 11/11 MP: 3/3
   124 | D        | Reached skill level 1 in Fighting
   131 | D        | Found a bloodstained altar of Trog.
   131 | D        | Found a shimmering blue altar of Sif Muna.
   131 | D        | Found a viscous altar of Jiyva.
   131 | D        | Found a hazy altar of Hepliaklqana.
   131 | D        | Found an opulent altar of Gozag.
   132 | D        | Found a glowing golden altar of the Shining One.
   132 | D        | Found a glowing silver altar of Zin.
   132 | D        | Found a basalt altar of Yredelemnul.
   132 | D        | Found a shimmering altar of Xom.
   132 | D        | Found an ornate altar of the Wu Jian Council.
   132 | D        | Found a sacrificial altar of Ru.
   132 | D        | Found a stormy altar of Qazlal.
   132 | D        | Found an iron altar of Okawaru.
   132 | D        | Found a sparkling altar of Nemelex Xobeh.
   132 | D        | Found a burning altar of Makhleb.
   132 | D        | Found a blossoming altar of Fedhas.
   132 | D        | Found a white marble altar of Elyvilon.
   132 | D        | Found a shadowy altar of Dithmenos.
   132 | D        | Found a snail-covered altar of Cheibriados.
   135 | D        | Found a corrupted altar of Lugonu.
   135 | D        | Found a radiant altar of Vehumet.
   136 | D        | Found an ancient bone altar of Kikubaaqudgha.
   136 | D        | Found a hide-covered altar of Uskayaw.
   136 | D        | Found a broken altar of Ashenzari.
   137 | D        | Became a worshipper of Sif Muna the Loreminder
   423 | D        | Noticed a hound
   428 | D        | Reached * piety under Sif Muna
   429 | D        | Reached skill level 4 in Earth Magic
   429 | D        | Reached XP level 2. HP: 14/19 MP: 3/5
   434 | D        | Reached skill level 5 in Earth Magic
   434 | D        | Reached XP level 3. HP: 15/26 MP: 1/6
   434 | D        | Reached ** piety under Sif Muna
   435 | D        | Reached skill level 6 in Earth Magic
   435 | D        | Reached XP level 4. HP: 18/31 MP: 0/7
   716 | D        | Noticed a fire bat
   717 | D        | Noticed a bullfrog
   717 | D        | Noticed a water moccasin
   717 | D        | Noticed a water moccasin
   720 | D        | Slain by a fire bat

Illustrated notes

Levels and vault maps discovered:
D:        pitsprint [storerooms_1, entrance_room_1, metal_vault_4, armoury_2,
          mini_pit_1, grid_room_1, main_hall_1, silver_pit, the_coven_3,
          the_vestibule_1, steel_vault_1, golden_pit, hallway_of_sentries,
          crystal_vault_4, iron_vault_2, final_vault]

Skill      XL: |  1  2  3 |
---------------+----------+-----
Fighting       | 2 3 |  3.3
Dodging        | 3 4 |  4.1
Earth Magic    | 4 5 6 |  6.0
Stealth        | |  2.6
Spellcasting   | |  2.0
Transmutations | |  1.0

Action                   |  1- 3 |  4- 6 || total
-------------------------+-------+-------++-------
Melee: Unarmed           |     9 |       ||     9
       Constrict         |     3 |       ||     3
       Tentacles         |     1 |       ||     1
 Cast: Sandblast         |     9 |     2 ||    11
  Use: Potion            |     1 |       ||     1
 Stab: Sleeping          |     2 |       ||     2
Armor: Skin              |     4 |       ||     4
Dodge: Dodged            |     7 |       ||     7

Table legend: (Time is in decaauts)
 A = Elapsed time spent in this place.
 B = Non-inter-level travel time spent in this place.
 C = Inter-level travel time spent in this place.
 D = Time resting spent in this place.
 E = Time spent auto-exploring this place.
 F = Levels seen in this place.
 G = Mean time per level.
                   A        B        C        D        E       F      G
               +--------+--------+--------+--------+--------+-----+--------+
         Total |    720 |    720 |      0 |    559 |      0 |   1 |  720.0 |
       Dungeon |    720 |    720 |      0 |    559 |      0 |   1 |  720.0 |
               +--------+--------+--------+--------+--------+-----+--------+

Top non-repeatable levels by time:
       D: 720 daAuts
